 Dungeon Crawl Stone Soup version 0.32-a0-913-g739538afd8 (webtiles) character file.

Game seed: 18407405830537421319

123 kae the Changeling (level 4, 0/34 HPs)
             Began as a Demonspawn Shapeshifter on Apr 8, 2024.
             Slain by a gnoll
             ... wielding a +0 flail
              (13 damage)
             ... on level 2 of the Dungeon.
             The game lasted 00:02:04 (2119 turns).

kae the Changeling (Demonspawn Shapeshifter)        Turns: 2119, Time: 00:02:04

Health: 0/34       AC:  2    Str: 15    XL:     4   Next: 80%
Magic:  4/4        EV: 11    Int: 10    God:
Gold:   109        SH:  0    Dex: 14    Spells: 3/3 levels left

rFire   . .          .
                       - Unarmed
rCold   . . .        (no shield)
rNeg    . . .        a - +0 animal skin
rPois   .            (helmet currently unavailable)
rElec   .            (cloak currently unavailable)
rCorr   .            (gloves currently unavailable)
SInv    .            (boots currently unavailable)
Will    +....        (no amulet)
Stlth   +            k - ring of willpower
HPRegen 0.25/turn    (no ring)
MPRegen 0.09/turn

%: no passive effects
@: beast-form
A: beast (slay +2), powered by pain 1
a: Begin Untransformation


You were on level 2 of the Dungeon.
You were a hulking beast.
You visited 1 branch of the dungeon, and saw 3 of its levels.

You collected 109 gold pieces.


Innate Abilities, Weirdness & Mutations

You are a hulking beast.
Your limbs bulge with bestial killing power. (Slay +2)
You sometimes gain a little power by taking damage.


   Skills:
 + Level 2.3 Fighting
 - Level 1.7 Dodging
 + Level 3.4 Unarmed Combat
 * Level 3.9 Shapeshifting


You had 3 spell levels left.
You didn't know any spells.
Your spell library was empty.

Inventory:

Missiles
 j - 6 stones (quivered)
Armour
 a - a +0 animal skin (worn)
Magical Staves
 h - a staff of earth {!a}
   (You found it on level 2 of the Dungeon)
 l - a staff of air {!a}
   (You found it on level 2 of the Dungeon)
Jewellery
 k - a ring of willpower (left hand)
   (You found it on level 2 of the Dungeon)
Talismans
 c - a beast talisman (active)
 d - a flux talisman
Scrolls
 e - a scroll of vulnerability {unknown}
Potions
 b - a potion of lignification {!q}
 i - a potion of resistance {unknown}

Dungeon Overview and Level Annotations

Branches:
Dungeon (3/15) Zot: 15885

Altars:
Dithmenos

## #.# #.##.### ######.# #.##.#
#......# #.##.# .......# ###
#.##.#
#.####.##########.######.##.#
.................#..........#
###.#..##########.######.#######
###<#..# ##############.#.....#
....#..# #.....hg.......#.###.#
.......####.##############.# #.#
##..........##### #.# #.#
......#####.....# #.# #.##
###.### #.###.# #.# #... #.# #.#
#.# #.# #### #.# #.# #.# #.#
#.#######.# #.# #.# #.........#
#.# #.#


You could see a gnoll.


Message History

You are more poisoned.
The adder poisons you! 😕 HP[-7]
You take 7 damage, and now have 27/34 hp.
MASSIVE DAMAGE!! (PAUSE)
You feel very sick. The adder attacks as it pursues you!
The adder bites you but does no damage. The adder closely misses you. 😮 HP[-6]
You take 6 damage, and now have 21/34 hp.
You feel very sick. The adder bites you.
There is an open door here. 😮 HP[-3]
You take 3 damage, and now have 18/34 hp.
You closely miss the adder.
You feel sick. The adder bites you but does no damage.
The adder misses you. 😨 HP[-2]
You take 2 damage, and now have 16/34 hp.
You hit the adder.
You feel sick. The adder bites you.
* * * LOW HITPOINT WARNING * * *
Unknown command. 😨 HP[-6]
You take 6 damage, and now have 10/34 hp.
You hit the adder.
You feel sick. The adder bites you but does no damage.
You closely miss the adder.
You feel sick. The adder bites you.
* * * LOW HITPOINT WARNING * * *
😱 HP[-3]
You take 3 damage, and now have 7/34 hp.
You hit the adder.
You kill the adder!
You feel sick. 😱 HP[-1]
You take 1 damage, and now have 6/34 hp.
You enter the shallow water.
Moving in this stuff is going to be slow.
You feel sick.
You see here an adder corpse. 😱 HP[-1]
You take 1 damage, and now have 5/34 hp.
Unknown command.
You feel sick.
You are no longer poisoned.
There is an open door here.
You close the door. 2 gnolls come into view.
The gnoll shouts!
The gnoll moves out of view.
A gnoll is nearby!
A gnoll comes into view.
It is wielding a +0 whip and quivering a throwing net.
There is a stone staircase leading up here. 😱 HP[+1]
You climb upwards.
There is a stone staircase leading down here.
You start resting. 😕 HP[+22]
You regained 22 hp, and now have 28/34 hp.
You start resting. 😎 HP[+6]
Your hp is fully restored (34).
You climb downwards.
A gnoll comes into view. It is wielding a +0 halberd.
The gnoll misses you.
There is a stone staircase leading up here.
You closely miss the gnoll.
The gnoll shouts!
The gnoll throws a throwing net.
The throwing net hits you.
You become entangled in the net!
The gnoll barely misses you.
You struggle against the net.
The gnoll completely misses you.
Unknown command.
You struggle against the net.
The gnoll hits you with a +0 flail! 😕 HP[-7]
You take 7 damage, and now have 27/34 hp.
MASSIVE DAMAGE!! (PAUSE)
You struggle against the net.
The gnoll closely misses you.
Unknown command.
You rip the net and break free!
The gnoll closely misses you. 😕 HP[+1]
The gnoll hits you with a +0 flail!
You climb upwards.
There is a stone staircase leading down here.
Unknown command. 😮 HP[-7]
You take 7 damage, and now have 21/34 hp.
MASSIVE DAMAGE!! (PAUSE)
You are too injured to fight recklessly!
You are too injured to fight recklessly!
You are too injured to fight recklessly!
You are too injured to fight recklessly!
You completely miss the gnoll. The gnoll completely misses you.
You barely miss the gnoll. The gnoll hits you with a +0 flail!
* * * LOW HITPOINT WARNING * * *
Unknown command. 😨 HP[-8]
You take 8 damage, and now have 13/34 hp.
MASSIVE DAMAGE!! (PAUSE)
You closely miss the gnoll. The gnoll hits you with a +0 flail!
You die...

Skill      XL: |  1  2  3 |
---------------+----------+-----
Shapeshifting  | 3 |  3.9
Unarmed Combat | 3 |  3.4
Fighting       | 2 |  2.3
Dodging        | |  1.7

Action                     |  1- 3 |  4- 6 || total
---------------------------+-------+-------++-------
  Melee: Unarmed           |   126 |    41 ||   167
         Punch             |     8 |       ||     8
    Use: Scroll            |     3 |       ||     3
         Potion            |     1 |     4 ||     5
 Armour: Animal skin       |    80 |    33 ||   113
  Dodge: Dodged            |    83 |    45 ||   128

Levels and vault maps discovered:
D:1:      minmay_arrival_doors, layout_rooms, nicolae_ecumenical_lake_church
D:2:      layout_loops_ring, basic_altar
D:3:      layout_basic, saegor_snake_ambush

Notes
Turn   | Place    | Note
-------+----------+-------------------------------------------
     0 | D:1      | kae the Demonspawn Shapeshifter began the quest for the
                  | Orb.
     0 | D:1      | Reached XP level 1. HP: 15/15 MP: 1/1
     0 | D:1      | magus.rc [v1.11.3]
    80 | D:1      | Gained mutation: You sometimes gain a little power by
                  | taking damage. [demonic ancestry]
    80 | D:1      | Reached XP level 2. HP: 8/21 MP: 2/2
   155 | D:1      | Reached skill level 3 in Shapeshifting
   302 | D:1      | Reached skill level 3 in Unarmed Combat
   340 | D:1      | Found a faded altar of an unknown god.
   372 | D:1      | Reached XP level 3. HP: 22/26 MP: 3/3
   920 | D:2      | Found a shadowy altar of Dithmenos.
  1143 | D:2      | Reached skill level 2 in Fighting
  1380 | D:2      | HP: 6/27 [poisoned by an adder]
  1380 | D:2      | HP: 1/27 [hobgoblin (5)]
  1385 | D:2      | Reached XP level 4. HP: 7/33 MP: 4/4
  1385 | D:2      | HP: 4/33 [hobgoblin (3)]
  1751 | D:3      | HP: 6/33 [orc/+0 trident (6)]
  1752 | D:3      | HP: 2/33 [gnoll/+0 halberd (4)]
  1766 | D:3      | HP: 7/33 [orc/+0 trident (5)]
  1988 | D:3      | HP: 7/34 [adder (2)]
  2119 | D:2      | Slain by a gnoll

Vanquished Creatures
  4 gnolls (D:3)
  3 adders
  4 dart slugs (D:1)
  2 ribbon worms (D:2)
  An orc (D:3)
  3 ball pythons
  6 bats
  A giant cockroach (D:2)
  6 goblins
  5 hobgoblins
  2 jackals (D:1)
  2 kobolds
  3 frilled lizards
  5 rats
47 creatures vanquished.

Table legend:
 A = Non-vault XP
 B = Vault XP
 C = Vault XP percentage of total XP
 D = Non-vault monster count
 E = Vault monster count
 F = Vault count percentage of total count
                 A         B        C        D         E       F
            +---------+---------+-------+---------+---------+-------
      Total |     164 |      13 |   7.3 |      46 |       1 |   2.1
            +---------+---------+-------+---------+---------+-------
        D:1 |      44 |       0 |   0.0 |      20 |       0 |   0.0
        D:2 |      57 |       0 |   0.0 |      18 |       0 |   0.0
        D:3 |      63 |      13 |  17.1 |       8 |       1 |  11.1
            +---------+---------+-------+---------+---------+-------

Skill      XL: |  1  2  3 |
---------------+----------+-----
Shapeshifting  | 3 |  3.9
Unarmed Combat | 3 |  3.4
Fighting       | 2 |  2.3
Dodging        | |  1.7

Action                     |  1- 3 |  4- 6 || total
---------------------------+-------+-------++-------
  Melee: Unarmed           |   126 |    41 ||   167
         Punch             |     8 |       ||     8
    Use: Scroll            |     3 |       ||     3
         Potion            |     1 |     4 ||     5
 Armour: Animal skin       |    80 |    33 ||   113
  Dodge: Dodged            |    83 |    45 ||   128

Illustrated notes

Table legend:
 A = Kills in this place as a percentage of kills in the entire game.
 B = Kills by you in this place as a percentage of kills by you in the entire game.
 C = Kills by friends in this place as a percentage of kills by friends in the entire game.
 D = Other kills in this place as a percentage of other kills in the entire game.
 E = Experience gained in this place as a percentage of experience gained in the entire game.
 F = Experience gained in this place divided by the number of levels of this place that you have seen.
                   A       B       C       D       E      F
               +-------+-------+-------+-------+-------+----------------------
         Total | 100.0 | 100.0 |   N/A |   N/A | 100.0 |  59.0
       Dungeon | 100.0 | 100.0 |   N/A |   N/A | 100.0 |  59.0
               +-------+-------+-------+-------+-------+----------------------

Table legend: (Time is in decaauts)
 A = Elapsed time spent in this place.
 B = Non-inter-level travel time spent in this place.
 C = Inter-level travel time spent in this place.
 D = Time resting spent in this place.
 E = Time spent auto-exploring this place.
 F = Levels seen in this place.
 G = Mean time per level.
                   A        B        C        D        E       F      G
               +--------+--------+--------+--------+--------+-----+--------+
         Total |   2113 |   2075 |     38 |    467 |   1236 |   3 |  704.3 |
       Dungeon |   2113 |   2075 |     38 |    467 |   1236 |   3 |  704.3 |
               +--------+--------+--------+--------+--------+-----+--------+

Top non-repeatable levels by time:
     D:2: 1160 daAuts
     D:1: 641 daAuts
     D:3: 311 daAuts
